 Dungeon Crawl Stone Soup version 0.26.1-11-gd32895ea62 (webtiles) character file.

Game seed: 7120723771909570379

22 Zeld the Digger (level 2, -1/15 HPs)
             Began as a Gargoyle Earth Elementalist on June 6, 2021.
             Slain by a jackal (3 damage)
             ... on level 1 of the Dungeon.
             The game lasted 00:02:41 (1037 turns).

Zeld the Digger (Gargoyle Earth Elementalist)       Turns: 1037, Time: 00:02:42

Health: -1/15      AC:  4    Str: 11    XL:     2   Next: 91%
Magic:  5/5        EV: 12    Int: 15    God:
Gold:   49         SH:  0    Dex: 10    Spells: 2/5 levels left

rFire    . . .     SeeInvis .   (no weapon)
rCold    . . .     Faith    .   (no shield)
rNeg     + . .     Spirit   .   c - +0 robe
rPois    ∞         Reflect  .   (no helmet)
rElec    +         Harm     .   (no cloak)
rCorr    .         Rampage  .   (no gloves)
Will     .....                  (no boots)
Stlth    ++........             (no amulet)
HPRegen  0.05/turn              (no ring)
MPRegen  0.09/turn              (no ring)

@: no status effects
A: negative energy resistance 1, electricity resistance, unbreathing,
petrification resistance, miasma immunity, AC +2
a: no special abilities


You were on level 1 of the Dungeon.
You visited 1 branch of the dungeon, and saw 1 of its levels.

You collected 49 gold pieces.

Inventory:

Armour
 b - a +0 pair of gloves
 c - a +0 robe (worn)
Scrolls
 a - a scroll of fog {unknown}
Potions
 d - 2 potions of attraction {unknown}
 e - a potion of haste {unknown}
 f - a potion of heal wounds {unknown}
 g - a potion of lignification {unknown}


   Skills:
 + Level 1.9 Dodging
 - Level 2.1 Stealth
 + Level 2.2 Spellcasting
 - Level 0.7 Transmutations
 * Level 4.3 Earth Magic


You had 2 spell levels left.
You knew the following spells:

 Your Spells              Type           Power        Failure   Level
a - Sandblast             Erth           28%          3%          1
b - Passwall              Tmut/Erth      7%           12%         2

Your spell library contained the following spells:

 Spells                   Type           Power        Failure   Level
 Stone Arrow              Conj/Erth      16%          26%         3
 Petrify                  Tmut/Erth      9%           58%         4
 Lee's Rapid Deconstruct  Erth           7%           69%         5


Dungeon Overview and Level Annotations

Branches:
Dungeon (1/15)

Altars:


Innate Abilities, Weirdness & Mutations

You are resistant to torment.
Your stone body is resilient. (AC +2)
You are immune to poison.
You resist negative energy. (rN+)
You are resistant to electric shocks. (rElec)
You can survive without breathing.
You are immune to petrification.
You are immune to miasma.


Message History

You closely miss the jackal.
The jackal is severely wounded.
The jackal closely misses you. x2
You closely miss the jackal.
The jackal is severely wounded.
The jackal completely misses you.
You miss the jackal.
The jackal is severely wounded.
The jackal closely misses you.
You hit the jackal but do no damage.
The jackal is severely wounded.
The jackal closely misses you. x2
You completely miss the jackal.
The jackal is severely wounded.
The jackal bites you.
* * * LOW HITPOINT WARNING * * *
You barely miss the jackal.
The jackal is severely wounded.
The jackal closely misses you. The jackal bites you.
You die...

#h##.##...####'# #.#
#K##.##...##...####.#
#.##.##.>.''.<.##...##
#K...##...##...##....#
#..####...##########.#
#.l# ##...###### #.#
##.###.#.......# #.#
#.l...#...##### #.#
###g###..hh@..# #.#
#.# #...###.# #.#
#K####### #.# #.#
#.lg.# #.# #.# ####.##
#.# #.#
##########.#.## #.#
#.#
..........###.####.#
#.# ########.##
##...#.# #.#
#..###.##.#.# #.#


You could see 2 jackals.

Vanquished Creatures
  8 bats (D:1)
  3 hobgoblins (D:1)
  3 jackals (D:1)
  2 frilled lizards (D:1)
  3 kobolds (D:1)
  2 rats (D:1)
21 creatures vanquished.

Notes
Turn   | Place    | Note
-------+----------+-------------------------------------------
     0 | D:1      | Zeld the Gargoyle Earth Elementalist began the quest for
                  | the Orb.
     0 | D:1      | Reached XP level 1. HP: 10/10 MP: 3/3
   360 | D:1      | Reached skill level 4 in Earth Magic
   360 | D:1      | Reached XP level 2. HP: 15/15 MP: 1/5
   479 | D:1      | Learned a level 2 spell: Passwall
  1037 | D:1      | Slain by a jackal

Illustrated notes

Levels and vault maps discovered:
D:1:      dpeg_arrival_simpleton_b, layout_loops_ring

Skill      XL: |  1 |
---------------+----+-----
Earth Magic    | 4 |  4.3
Dodging        | |  1.9
Stealth        | |  2.1
Spellcasting   | |  2.2
Transmutations | |  0.7

Action                   || total
-------------------------++-------
Melee: Unarmed           ||    65
 Cast: Sandblast         ||    32
       Passwall          ||     2
Armor: Robe              ||    32
Dodge: Dodged            ||    84
